 Dungeon Crawl Stone Soup version 0.26-a0-812-g31a745ddcd (webtiles) character file.

Game seed: 13504941312656777141

14 Dracia the Conjurer (level 2, -1/20 HPs)
             Began as a Draconian Conjurer on Dec 7, 2020.
             Slain by a jackal (2 damage)
             ... on level 2 of the Dungeon.
             The game lasted 00:01:08 (1065 turns).

Dracia the Conjurer (Draconian Conjurer)            Turns: 1065, Time: 00:01:09

Health: -1/20      AC:  5    Str:  9    XL:     2   Next: 27%
Magic:  5/5        EV: 12    Int: 18    God:
Gold:   40         SH:  0    Dex:  9    Spells: 4/5 levels left

rFire    . . .     SeeInvis .   e - +0 dagger
rCold    . . .     Faith    .   (no shield)
rNeg     . . .     Spirit   .   (armour unavailable)
rPois    .         Reflect  .   (helmet restricted)
rElec    .         Harm     .   (no cloak)
rCorr    .         Rampage  .   g - +0 pair of gloves
MR       .....                  (no boots)
Stlth    ++........             A - amulet of the acrobat
HPRegen  0.06/turn              (no ring)
MPRegen  0.09/turn              (no ring)

@: no status effects
A: unfitting armour, cold-blooded, AC +4
a: no special abilities


You were on level 2 of the Dungeon.
You visited 1 branch of the dungeon, and saw 2 of its levels.

You collected 40 gold pieces.


Innate Abilities, Weirdness & Mutations

Your plain brown scales are hard. (AC +4)
You cannot fit into any form of body armour.
You are cold-blooded and may be slowed by cold attacks.


   Skills:
 - Level 1.7 Dodging
 - Level 1.7 Stealth
 + Level 2.2 Spellcasting
 * Level 4.4 Conjurations


You had 4 spell levels left.
You knew the following spells:

 Your Spells              Type           Power        Failure   Level
z - Magic Dart            Conj           ###.         2%          1

Your spell library contained the following spells:

 Spells                   Type           Power        Failure   Level
 Searing Ray              Conj           ###...       4%          2
 Dazzling Flash           Conj/Hex       ##....       22%         3
 Fulminant Prism          Conj/Hex       ##........   56%         4
 Iskenderun's Mystic Bla  Conj/Tloc      ##......     56%         4

Inventory:

Hand Weapons
 e - a +0 dagger (weapon)
Missiles
 f - a throwing net {=f=f}
Armour
 g - a +0 pair of gloves (worn)
Jewellery
 A - an amulet of the acrobat (around neck)
Scrolls
 a - 3 scrolls of remove curse {unknown}
 b - a scroll of fear {unknown}
 h - a scroll of immolation {unknown}
Potions
 c - a potion of ambrosia {unknown}
 i - a potion of invisibility {unknown}
 j - a potion of mutation {unknown}
 k - a potion of curing {unknown}

Dungeon Overview and Level Annotations

Branches:
Dungeon (2/15)

Altars:

.# .# # .# .
#.## # #. ...#
##.#.###...###
......h......#
#....w@r....#
#....hg.....#
...............
.######....#.##
#.#### .# #.# #
[.. ###


You could see a dart slug, 2 jackals, a hobgoblin and a rat.


Message History

You hear a bark!
The jackal bites you but does no damage.
The hobgoblin hits you but does no damage.
The rat bites you but does no damage.
The jackal bites you but does no damage.
You hit the rat but do no damage. The dart slug misses you.
The hobgoblin hits you.
* * * LOW HITPOINT WARNING * * *
The jackal barely misses you. The rat barely misses you.
You hit the rat.
The rat is moderately wounded.
The jackal completely misses you. The hobgoblin hits you.
* * * LOW HITPOINT WARNING * * *
The rat closely misses you. The dart slug bites you.
* * * LOW HITPOINT WARNING * * *
Unknown command.
The jackal closely misses you. The rat completely misses you.
The jackal misses you.
You hit the dart slug but do no damage.
The dart slug is heavily wounded.
The jackal closely misses you. The dart slug barely misses you.
The rat bites you but does no damage. The hobgoblin barely misses you.
The jackal barely misses you.
You hit the dart slug but do no damage.
The dart slug is moderately wounded.
The jackal bites you but does no damage. x2
The dart slug barely misses you. The rat bites you but does no damage.
The hobgoblin hits you but does no damage.
The jackal bites you.
You die...

Action                   || total
-------------------------++-------
Melee: Dagger            ||    33
       Unarmed           ||     6
       Tailslap          ||     1
 Cast: Magic Dart        ||    15
Armor: Skin              ||    20
Dodge: Dodged            ||    42

Levels and vault maps discovered:
D:1:      giann_wishing_wells, layout_loops_ring, grunt_decor_one_mirror
D:2:      minmay_evil_eye, layout_loops_ring, uniq_terence

Notes
Turn   | Place    | Note
-------+----------+-------------------------------------------
     0 | D:1      | Dracia the Draconian Conjurer began the quest for the Orb.
     0 | D:1      | Reached XP level 1. HP: 14/14 MP: 3/3
   439 | D:1      | Reached XP level 2. HP: 20/20 MP: 1/5
  1062 | D:2      | HP: 1/20 [dart slug (3)]
  1065 | D:2      | Slain by a jackal

Vanquished Creatures
  A giant cockroach (D:1)
  2 goblins (D:1)
  5 hobgoblins (D:1)
  2 bats (D:1)
  A rat (D:1)
11 creatures vanquished.

Table legend: (Time is in decaauts)
 A = Elapsed time spent in this place.
 B = Non-inter-level travel time spent in this place.
 C = Inter-level travel time spent in this place.
 D = Time resting spent in this place.
 E = Time spent auto-exploring this place.
 F = Levels seen in this place.
 G = Mean time per level.
                   A        B        C        D        E       F      G
               +--------+--------+--------+--------+--------+-----+--------+
         Total |   1065 |    937 |    128 |    100 |    730 |   2 |  532.5 |
       Dungeon |   1065 |    937 |    128 |    100 |    730 |   2 |  532.5 |
               +--------+--------+--------+--------+--------+-----+--------+

Top non-repeatable levels by time:
     D:1: 1048 daAuts
     D:2: 17 daAuts

Table legend:
 A = Non-vault XP
 B = Vault XP
 C = Vault XP percentage of total XP
 D = Non-vault monster count
 E = Vault monster count
 F = Vault count percentage of total count
                 A         B        C        D         E       F
            +---------+---------+-------+---------+---------+-------
      Total |      20 |       0 |   0.0 |      11 |       0 |   0.0
            +---------+---------+-------+---------+---------+-------
        D:1 |      20 |       0 |   0.0 |      11 |       0 |   0.0
            +---------+---------+-------+---------+---------+-------
